 Dungeon Crawl Stone Soup version 0.25.1-2-g60ff931df9 (webtiles) character file.

Game seed: 2004620842036915103

72 hawla the Chopper (level 4, 0/36 HPs)
             Began as a Hill Orc Monk on Sept 27, 2020.
             Succumbed to an adder's poison
             ... on level 2 of the Dungeon.
             The game lasted 00:03:04 (1867 turns).

hawla the Chopper (Hill Orc Monk)                   Turns: 1867, Time: 00:03:05

Health: 0/36       AC:  3    Str: 13    XL:     4   Next: 26%
Magic:  4/4        EV: 13    Int: 10    God:
Gold:   70         SH:  0    Dex: 18    Spells: 3/3 levels left

rFire    . . .     SeeInvis .   i - +3 hand axe
rCold    . . .     Gourm    .   (no shield)
rNeg     . . .     Faith    .   g - +0 leather armour
rPois    .         Spirit   .   (no helmet)
rElec    .         Reflect  .   (no cloak)
rCorr    .         Harm     .   (no gloves)
MR       .....                  (no boots)
Stlth    ++........             (no amulet)
HPRegen  0.12/turn              (no ring)
MPRegen  0.09/turn              (no ring)

@: mighty, lethally poisoned (0 -> -5), stab
A: fangs 1, thin skeletal structure 1, agile 1, frail 1
a: no special abilities


You were on level 2 of the Dungeon.
You were not hungry.

You visited 1 branch of the dungeon, and saw 2 of its levels.

You collected 70 gold pieces.

Inventory:

Hand Weapons
 i - a +3 hand axe (weapon)
Armour
 g - a +0 leather armour (worn)
Scrolls
 b - a scroll of fog {unknown}
 d - 2 scrolls of blinking
Comestibles
 c - 2 rations
 h - a chunk of flesh


   Skills:
 + Level 4.2 Fighting
 + Level 5.0 Axes
 * Level 3.2 Dodging
 - Level 1.5 Stealth


You had 3 spell levels left.
You didn't know any spells.
Your spell library was empty.

Dungeon Overview and Level Annotations

Branches:
Dungeon (2/15)

Altars:


Innate Abilities, Weirdness & Mutations

You have very sharp teeth.
You have a somewhat thin skeletal structure. (Dex +2, Stealth)
You are agile. (Dex +2)
You are frail. (-10% HP)


Message History

You feel sick.
* * * LOW HITPOINT WARNING * * *
You feel sick.
You see here a lumpy white potion.
It was a potion of mutation.
You feel extremely strange.
Your teeth lengthen and sharpen.
You feel agile.
You feel frail.
Your bones become slightly less dense.
* * * LOW HITPOINT WARNING * * *
You feel sick.
There is a lethal amount of poison in your body!
There is a lethal amount of poison in your body!
Search for what [Enter for "artif", or ? for help]? potion Can't find anything matching that.
There is a lethal amount of poison in your body!
There is a stone staircase leading up here.
* * * LOW HITPOINT WARNING * * *
You feel sick.
* * * LOW HITPOINT WARNING * * *
You feel sick.
You die...

#.########.##### #
#......).†...... ..
#...........#.#####.#..#
#.###.......†......... #
#.####.##...###.#..# #$#
#.##..........# #.#
#.##....##.#.. #.#
#.##...<##.# ..#
#...@..........
......#...........
#####.##.#.###...# #
#.#.# ... #.#.# ## #....
###.#


There were no monsters in sight!

Vanquished Creatures
  A worker ant (D:2)
  An adder (D:2)
  An ooze (D:1)
  A leopard gecko (D:1)
  A ball python (D:1)
  2 bats
  A giant cockroach (D:1)
  4 goblins
  7 hobgoblins (D:1)
  2 jackals (D:2)
  2 kobolds (D:1)
  2 quokkas (D:2)
  A frilled lizard (D:1)
  6 rats (D:1)
32 creatures vanquished.

Notes
Turn   | Place    | Note
-------+----------+-------------------------------------------
     0 | D:1      | hawla the Hill Orc Monk began the quest for the Orb.
     0 | D:1      | Reached XP level 1. HP: 19/19 MP: 1/1
   434 | D:1      | Reached XP level 2. HP: 26/27 MP: 2/2
   842 | D:1      | Reached XP level 3. HP: 32/33 MP: 3/3
  1713 | D:2      | Found a faded altar of an unknown god.
  1847 | D:2      | Reached XP level 4. HP: 28/40 MP: 4/4
  1853 | D:2      | Reached skill level 5 in Axes
  1862 | D:2      | Gained mutation: You have very sharp teeth. [potion of
                  | mutation]
  1862 | D:2      | Gained mutation: You are agile. (Dex +2) [potion of
                  | mutation]
  1862 | D:2      | Gained mutation: You are frail. (-10% HP) [potion of
                  | mutation]
  1862 | D:2      | Gained mutation: You have a somewhat thin skeletal
                  | structure. (Dex +2, Stealth) [potion of mutation]
  1864 | D:2      | HP: 1/36 [poisoned by an adder]
  1867 | D:2      | Succumbed to an adder's poison

Illustrated notes

Levels and vault maps discovered:
D:1:      roderic_lyre, layout_basic, minmay_cut_off
D:2:      layout_loops_ring, first_ration,
          chequers_ecumenical_altar_simple_redux

Skill      XL: |  1  2  3  4 |
---------------+-------------+-----
Fighting       | 4 |  4.2
Dodging        | 3 |  3.2
Axes           | 5 |  5.0
Stealth        | |  1.5

Action                   |  1- 3 |  4- 6 || total
-------------------------+-------+-------++-------
Melee: Hand axe          |   104 |     5 ||   109
  Use: Scroll            |     1 |       ||     1
       Potion            |       |     3 ||     3
 Stab: Sleeping          |     1 |       ||     1
  Eat: Ration            |     1 |       ||     1
       Chunk             |     1 |       ||     1
Armor: Robe              |     8 |       ||     8
       Leather armour    |     5 |       ||     5
Dodge: Dodged            |    75 |     7 ||    82
